Harfangs vs Influenza (R2)

Created - 6 mars 2017 at 19:21

Goals
1 2 3 OT1 T
Harfangs 2 0 2 0 4
Influenza 3 1 0 1 5
Shots
1 2 3 OT1 T
Harfangs 10 12 10 0 32
Influenza 11 11 12 3 37

1st period

1. Harfangs , Cam Fowler 2 (Tomas Tatar, Alex Killorn) at 3:46
2. Influenza , Martins Karsums 19 (Mathieu Carle, Jamie Benn) at 4:28
3. Influenza , Evgeny Grachev 34 (Robbie Earl, Ben Smith) at 5:18
4. Influenza , Evgeny Grachev 35 (Ben Smith, Matt Corrente) at 15:08
5. Harfangs , Peter Olvecky 16 (Cam Fowler) at 18:27

Penalties :
Petri Kontiola (BEA) for Interference (Minor) at 0:05, Ben Smith (VJB) for Roughing (Minor) at 12:07

2nd period

6. Influenza , Evgeny Grachev 36 (Robbie Earl, Ben Smith) at 4:43

Penalties :
Martins Karsums (VJB) for Hooking (Minor) at 7:29, T.J Galiardi (VJB) for Slashing (Minor) at 11:40, Petri Kontiola (BEA) for Roughing (Minor) at 18:21

3rd period

7. Harfangs , Peter Olvecky 17 (Michal Repik, Jean-Gabriel Pageau) at 14:58 (PP)
8. Harfangs , Peter Olvecky 18 (Cam Fowler, Michal Repik) at 16:13 (PP)

Penalties :
Alex Plante (BEA) for Roughing (Double Minor) at 2:44, Evgeny Grachev (VJB) for Interference (Minor) at 3:05, Alex Killorn (BEA) for Interference (Minor) at 3:27, Alex Plante (BEA) for Hooking (Minor) at 11:23, Corey Tropp (VJB) for Slashing (Minor) at 14:21, Mathieu Carle (VJB) for Hooking (Minor) at 15:36, T.J Galiardi (VJB) for High sticking (Minor) at 18:38

Overtime #1

9. Influenza , Mathieu Carle 10 (John Klingberg, Robbie Earl) at 0:12 (SH)

Penalties :
No Penalty

Goalie Stats

Darcy Kuemper (BEA), 21 saves from 22 shots - (0,955), OTL, 3-5-2, 35:29 minutes
Jeremy Duchesne (BEA), 11 saves from 15 shots - (0,733), 24:43 minutes
Thomas McCollum (VJB), 28 saves from 32 shots - (0,875), W, 24-14-3, 60:12 minutes

Players Stats for Harfangs

Player Name              G  A  P  +/- PIM S  H  SB GA TA FO     MP     PP MP  PK MP  
------------------------------------------------------------------------------------
Alex Killorn             0  1  1  -2  2   4  1  3  2  0  11/15  26:39   4:22   4:31 
Alex Plante              0  0  0   0  6   0  0  0  0  0  0/0     4:24   0:00   0:00 
Andrew Orpik             0  0  0  -1  0   0  1  1  0  0  0/0    19:53   3:36   3:51 
Angelo Esposito          0  0  0   0  0   1  0  0  0  0  5/8    12:08   0:00   0:00 
Brandon Pirri            0  0  0   1  0   0  1  0  0  0  0/0     6:01   0:14   0:00 
Brian Lashoff            0  0  0  -1  0   3  1  0  0  0  0/0    19:53   3:36   3:51 
Cam Atkinson             0  0  0  -2  0   2  1  1  0  1  4/5    18:22   4:29   2:12 
Cam Fowler               1  2  3   0  0   2  3  1  2  0  0/0    28:02   4:56   5:43 
Dennis Everberg          0  0  0   0  0   0  0  0  0  0  0/0     0:24   0:21   0:00 
Dustin Jeffrey           0  0  0   0  0   1  1  0  0  0  0/1    12:08   0:00   0:00 
Dylan Olsen              0  0  0  -2  0   0  0  2  0  1  0/0     8:17   0:00   0:00 
Emerson Etem             0  0  0   0  0   0  0  0  0  0  0/1     3:18   0:00   2:46 
Jean-Gabriel Pageau      0  1  1  -1  0   2  2  0  0  0  5/12   17:14   3:49   2:03 
Joel Armia               0  0  0   0  0   0  0  0  0  0  0/0     0:00   0:00   0:00 
Mark Alt                 0  0  0   0  0   0  0  0  0  0  0/0     0:00   0:00   0:00 
Michal Repik             0  2  2  -1  0   1  0  1  1  0  1/1    15:11   3:49   0:00 
Mike Hoffman             0  0  0   0  0   0  0  0  0  0  1/1     0:50   0:21   0:00 
Nathan Beaulieu          0  0  0  -2  0   0  0  1  0  0  0/0     8:17   0:00   0:00 
Nick Holden              0  0  0   0  0   0  0  0  0  0  0/0     4:00   0:00   0:00 
Peter Olvecky            3  0  3  -2  0   9  1  0  1  0  1/2    20:16   3:49   4:16 
Petri Kontiola           0  0  0  -2  4   1  1  1  0  0  13/24  16:59   4:22   0:44 
Reid McNeill             0  0  0   0  0   0  0  0  0  0  0/0     0:00   0:00   0:00 
Roman Wick               0  0  0   0  0   2  0  0  0  0  0/1    12:08   0:00   0:00 
Tomas Tatar              0  1  1   1  0   2  0  0  0  0  1/1     6:22   0:00   0:37 
Victor Bartley           0  0  0   0  0   2  1  2  0  0  0/0    28:02   4:56   5:43 

Players Stats for Influenza

Player Name              G  A  P  +/- PIM S  H  SB GA TA FO     MP     PP MP  PK MP  
------------------------------------------------------------------------------------
Andreas Engqvist         0  0  0   0  0   1  0  1  0  0  1/4     5:48   0:00   0:00 
Ben Smith                0  3  3   1  2   3  3  1  0  2  0/2    19:41   4:33   1:47 
Brian Salcido            0  0  0   0  0   0  0  0  0  0  0/0     4:52   0:44   0:00 
Carl Gunnarsson          0  0  0   0  0   0  0  1  0  0  0/0     4:26   0:50   0:45 
Charlie Coyle            0  0  0   1  0   0  1  1  0  1  6/14   13:32   3:17   0:00 
Colin McDonald           0  0  0   0  0   0  0  0  0  0  0/0     0:38   0:07   0:00 
Corey Tropp              0  0  0   0  2   1  0  0  0  0  0/0     5:47   0:00   0:00 
Evgeny Grachev           3  0  3   1  2   4  1  0  0  1  9/22   16:59   4:29   0:00 
Iiro Pakarinen           0  0  0   0  0   0  1  0  0  0  1/2     2:45   0:07   1:39 
Jacob Josefson           0  0  0   0  0   0  0  0  0  0  0/0     0:00   0:00   0:00 
Jamie Benn               0  1  1   1  0   3  4  0  0  0  0/0    21:12   2:57   5:10 
Jeff May                 0  0  0   0  0   0  2  1  0  0  0/0     9:04   0:00   0:42 
Jeremy Morin             0  0  0   0  0   0  0  0  0  0  0/0    10:41   0:00   0:00 
John Klingberg           0  1  1   2  0   3  1  2  1  0  0/0    28:33   4:49   5:38 
Jordan Schroeder         0  0  0   0  0   0  0  0  0  0  0/0     1:01   0:30   0:00 
Mark Scheifele           0  0  0   0  0   2  2  0  0  0  5/14   11:13   0:00   0:32 
Martins Karsums          1  0  1   1  2   6  0  0  0  0  1/1    17:00   3:32   1:51 
Mathieu Carle            1  1  2   2  2   3  2  2  0  0  0/0    27:55   4:49   5:01 
Matt Corrente            0  1  1   1  0   1  1  0  0  1  0/0    19:50   3:08   3:06 
Oskars Bartulis          0  0  0   0  0   0  1  2  0  0  0/0    10:14   0:00   2:16 
Robbie Earl              0  3  3   2  0   5  1  0  1  1  7/12   25:32   4:18   5:26 
Ryan Russell             0  0  0   0  0   2  2  0  0  0  0/0     6:39   0:00   0:51 
T.J Brodie               0  0  0   1  0   1  0  0  0  0  0/0    11:21   1:34   0:00 
T.J Galiardi             0  0  0   0  4   2  0  1  0  0  0/1    11:07   0:00   0:00 
Tim Erixon               0  0  0   0  0   0  0  0  0  0  0/0     4:08   0:00   0:00 

3 Stars

1 - Evgeny Grachev (VJB)
2 - Peter Olvecky (BEA)
3 - Cam Fowler (BEA)

Power Play

Harfangs - 2 on 7 Attempt(s) - 28,57%
Influenza - 0 on 6 Attempt(s) - 0,00%

Penalty Kill

Harfangs - 6 on 6 Attempt(s) - 100,00% - Score 0 goal in Penalty Kill
Influenza - 5 on 7 Attempt(s) - 71,43% - Score 1 goal in Penalty Kill

Team Stat

Harfangs - Hits : 14 - Faceoff Wins : 42 - Blocked Shots : 13 - Penalty Minutes : 12
Influenza - Hits : 22 - Faceoff Wins : 30 - Blocked Shots : 12 - Penalty Minutes : 14

Official

Referees : Kimmerly Greg and Kozari Steve
Linesman : Darren Gibbs and Greg Devorski

Game Notes

Carl Gunnarsson is injured at 14:54 of 1st period (Sprained Left Ankle)
Evgeny Grachev has scored a Hat Trick!
Darcy Kuemper enters game at 4:43 of 2nd period
Peter Olvecky has scored a Hat Trick!

Finance

Level 1 -- Attendance: 1467 (73,35%) -- Ticket Income 58 680 $
Level 2 -- Attendance: 751 (75,10%) -- Ticket Income 15 020 $
Total Attendance: 2218 (73,93%)
Total Ticket Income: 73 700 $
Other Income: 3 685 $
Total Income: 77 385 $

Harfangs

5 vs 5 Forward 
   Center                   Left Wing                Right Wing               Time % Phy DF OF 
 1 Petri Kontiola           Alex Killorn             Cam Atkinson             40     1   2  2  
 2 Jean-Gabriel Pageau      Peter Olvecky            Michal Repik             30     1   2  2  
 3 Angelo Esposito          Dustin Jeffrey           Roman Wick               20     1   2  2  
 4 Alex Killorn             Tomas Tatar              Brandon Pirri            10     1   2  2  

5 vs 5 Defense 
   Defense                  Defense                                           Time % Phy DF OF 
 1 Victor Bartley           Cam Fowler                                        40     1   2  2  
 2 Brian Lashoff            Andrew Orpik                                      30     1   2  2  
 3 Nathan Beaulieu          Dylan Olsen                                       20     1   2  2  
 4 Nick Holden              Alex Plante                                       10     1   2  2  

PowerPlay Forward 
   Center                   Left Wing                Right Wing               Time % Phy DF OF 
 1 Petri Kontiola           Alex Killorn             Cam Atkinson             60     1   2  2  
 2 Jean-Gabriel Pageau      Peter Olvecky            Michal Repik             40     1   2  2  

PowerPlay Defense
   Defense                  Defense                                           Time % Phy DF OF 
 1 Victor Bartley           Cam Fowler                                        60     1   2  2  
 2 Brian Lashoff            Andrew Orpik                                      40     1   2  2  

Penalty Kill 4 Players Forward 
   Center                   Wing                     Time % Phy DF OF 
 1 Alex Killorn             Peter Olvecky            60     1   2  2  
 2 Petri Kontiola           Cam Atkinson             40     1   2  2  

Penalty Kill 4 Players Defense
   Defense                  Defense                  Time % Phy DF OF 
 1 Victor Bartley           Cam Fowler               60     1   2  2  
 2 Brian Lashoff            Andrew Orpik             40     1   2  2  

Penalty Kill - 3 Players Forward 
   Forward                                           Time % Phy DF OF 
 1 Alex Killorn                                      60     1   2  2  
 2 Peter Olvecky                                     40     1   2  2  

Penalty Kill - 3 Players Defense
   Defense                  Defense                  Time % Phy DF OF 
 1 Victor Bartley           Cam Fowler               60     1   2  2  
 2 Brian Lashoff            Andrew Orpik             40     1   2  2  

4 vs 4 Forward 
   Center                   Wing                     Time % Phy DF OF 
 1 Alex Killorn             Peter Olvecky            60     1   2  2  
 2 Petri Kontiola           Cam Atkinson             40     1   2  2  

4 vs 4 Defense
   Defense                  Defense                  Time % Phy DF OF 
 1 Victor Bartley           Cam Fowler               60     1   2  2  
 2 Brian Lashoff            Andrew Orpik             40     1   2  2  

Last Minutes Offensive
   Center                   Left Wing                Right Wing               Defense                  Defense                  
   Petri Kontiola           Alex Killorn             Cam Atkinson             Victor Bartley           Cam Fowler               

Last Minutes Defensive
   Center                   Left Wing                Right Wing               Defense                  Defense                  
   Petri Kontiola           Alex Killorn             Cam Atkinson             Victor Bartley           Cam Fowler               

Goaltenders
Starting : Jeremy Duchesne          
Backup : Darcy Kuemper            

Extra Forwards
Normal : Mike Hoffman, Dennis Everberg, Emerson Etem - PP : Mike Hoffman, Dennis Everberg - PK : Emerson Etem
Extra Defensemen
Normal : Mark Alt, Reid McNeill, Nathan Beaulieu - PP : Mark Alt - PK : Reid McNeill, Nathan Beaulieu
Penalty Shots
Alex Killorn, Peter Olvecky, Petri Kontiola, Cam Atkinson, Dustin Jeffrey

Influenza

5 vs 5 Forward 
   Center                   Left Wing                Right Wing               Time % Phy DF OF 
 1 Evgeny Grachev           Robbie Earl              Ben Smith                40     1   2  2  
 2 Charlie Coyle            Jamie Benn               Martins Karsums          30     1   2  2  
 3 Mark Scheifele           T.J Galiardi             Jeremy Morin             20     1   2  2  
 4 Andreas Engqvist         Ryan Russell             Corey Tropp              10     1   2  2  

5 vs 5 Defense 
   Defense                  Defense                                           Time % Phy DF OF 
 1 John Klingberg           Mathieu Carle                                     40     1   2  2  
 2 Matt Corrente            Carl Gunnarsson                                   30     1   2  2  
 3 Oskars Bartulis          Jeff May                                          20     1   2  2  
 4 Tim Erixon               Brian Salcido                                     10     1   2  2  

PowerPlay Forward 
   Center                   Left Wing                Right Wing               Time % Phy DF OF 
 1 Evgeny Grachev           Robbie Earl              Ben Smith                60     1   2  2  
 2 Charlie Coyle            Jamie Benn               Martins Karsums          40     1   2  2  

PowerPlay Defense
   Defense                  Defense                                           Time % Phy DF OF 
 1 John Klingberg           Mathieu Carle                                     60     1   2  2  
 2 Matt Corrente            Carl Gunnarsson                                   40     1   2  2  

Penalty Kill 4 Players Forward 
   Center                   Wing                     Time % Phy DF OF 
 1 Robbie Earl              Jamie Benn               60     1   2  2  
 2 Ben Smith                Martins Karsums          40     1   2  2  

Penalty Kill 4 Players Defense
   Defense                  Defense                  Time % Phy DF OF 
 1 John Klingberg           Mathieu Carle            60     1   2  2  
 2 Matt Corrente            Carl Gunnarsson          40     1   2  2  

Penalty Kill - 3 Players Forward 
   Forward                                           Time % Phy DF OF 
 1 Robbie Earl                                       60     1   2  2  
 2 Jamie Benn                                        40     1   2  2  

Penalty Kill - 3 Players Defense
   Defense                  Defense                  Time % Phy DF OF 
 1 John Klingberg           Mathieu Carle            60     1   2  2  
 2 Matt Corrente            Carl Gunnarsson          40     1   2  2  

4 vs 4 Forward 
   Center                   Wing                     Time % Phy DF OF 
 1 Robbie Earl              Jamie Benn               60     1   2  2  
 2 Ben Smith                Martins Karsums          40     1   2  2  

4 vs 4 Defense
   Defense                  Defense                  Time % Phy DF OF 
 1 John Klingberg           Mathieu Carle            60     1   2  2  
 2 Matt Corrente            Carl Gunnarsson          40     1   2  2  

Last Minutes Offensive
   Center                   Left Wing                Right Wing               Defense                  Defense                  
   Evgeny Grachev           Robbie Earl              Ben Smith                John Klingberg           Mathieu Carle            

Last Minutes Defensive
   Center                   Left Wing                Right Wing               Defense                  Defense                  
   Evgeny Grachev           Robbie Earl              Ben Smith                John Klingberg           Mathieu Carle            

Goaltenders
Starting : Thomas McCollum          
Backup : Olivier Roy              

Extra Forwards
Normal : Jordan Schroeder, Colin McDonald, Iiro Pakarinen - PP : Jordan Schroeder, Colin McDonald - PK : Iiro Pakarinen
Extra Defensemen
Normal : T.J Brodie, Oskars Bartulis, Jeff May - PP : T.J Brodie - PK : Oskars Bartulis, Jeff May
Penalty Shots
Robbie Earl, Jamie Benn, Ben Smith, Martins Karsums, T.J Galiardi

% Time on Ice - Harfangs

Lines # - Real PCT - Wanted PCT - Time Play
Normal Forward
1 - 29% - 40% - 11:57
2 - 28% - 30% - 11:42
3 - 29% - 20% - 12:08
4 - 14% - 10% - 5:45
Normal Defense
1 - 40% - 40% - 16:49
2 - 30% - 30% - 12:26
3 - 20% - 20% - 8:17
4 - 10% - 10% - 4:00
PP Forward
1 - 55% - 60% - 4:43
2 - 45% - 40% - 3:49
PP Defense
1 - 58% - 60% - 4:56
2 - 42% - 40% - 3:36
PK Forward
1 - 71% - 60% - 5:23
2 - 29% - 40% - 2:12
PK Defense
1 - 62% - 60% - 4:40
2 - 38% - 40% - 2:55
PK3 Forward
1 - 100% - 60% - 1:59
2 - 0% - 40% - 0:00
PK3 Defense
1 - 53% - 60% - 1:03
2 - 47% - 40% - 0:56
44 Forward
1 - 100% - 60% - 0:34
2 - 0% - 40% - 0:00
44 Defense
1 - 100% - 60% - 0:34
2 - 0% - 40% - 0:00
Last Minute Offensive  - 0:00
Last Minute Defensive  - 0:00
Total
Forward - 60:12
Defense - 60:12

% Time on Ice - Influenza

Lines # - Real PCT - Wanted PCT - Time Play
Normal Forward
1 - 36% - 40% - 14:48
2 - 25% - 30% - 10:15
3 - 26% - 20% - 10:41
4 - 14% - 10% - 5:48
Normal Defense
1 - 41% - 40% - 16:54
2 - 31% - 30% - 12:49
3 - 18% - 20% - 7:41
4 - 10% - 10% - 4:08
PP Forward
1 - 56% - 60% - 4:25
2 - 44% - 40% - 3:32
PP Defense
1 - 61% - 60% - 4:49
2 - 39% - 40% - 3:08
PK Forward
1 - 71% - 60% - 6:05
2 - 29% - 40% - 2:27
PK Defense
1 - 64% - 60% - 5:26
2 - 36% - 40% - 3:06
PK3 Forward
1 - 100% - 60% - 0:12
2 - 0% - 40% - 0:00
PK3 Defense
1 - 100% - 60% - 0:12
2 - 0% - 40% - 0:00
44 Forward
1 - 76% - 60% - 1:31
2 - 24% - 40% - 0:28
44 Defense
1 - 61% - 60% - 1:12
2 - 39% - 40% - 0:47
Last Minute Offensive  - 0:00
Last Minute Defensive  - 0:00
Total
Forward - 60:12
Defense - 60:12

Play by Play

1st period


0:01 of 1st period - Cam Atkinson wins face-off versus Evgeny Grachev in neutral zone.
0:05 of 1st period - Minor Penalty to Petri Kontiola for Interference.
0:06 of 1st period - Alex Killorn wins face-off versus Evgeny Grachev in Harfangs zone.
0:17 of 1st period - Cam Atkinson is hit by John Klingberg and loses puck.
2:03 of 1st period - Cam Atkinson is hit by Iiro Pakarinen and loses puck.
2:05 of 1st period - Penalty to Petri Kontiola is over, Petri Kontiola is back on ice.
2:15 of 1st period - Wrist shot by Petri Kontiola.
2:15 of 1st period - Stopped by Thomas McCollum with a rebound.
2:17 of 1st period - Wrist shot by Cam Atkinson.
2:17 of 1st period - Stopped by Thomas McCollum without a rebound.
2:18 of 1st period - Angelo Esposito wins face-off versus Mark Scheifele in Influenza zone.
2:45 of 1st period - Nick Holden is hit by Ryan Russell.
3:24 of 1st period - Slapshot by Evgeny Grachev.
3:24 of 1st period - Shot Misses the Net.
3:44 of 1st period - Snap shot by Tomas Tatar.
3:44 of 1st period - Stopped by Thomas McCollum with a rebound.
3:46 of 1st period - Slapshot by Cam Fowler.
3:46 of 1st period - Goal by Cam Fowler - Harfangs : 1 - Influenza : 0.
3:47 of 1st period - Charlie Coyle wins face-off versus Jean-Gabriel Pageau in neutral zone.
3:56 of 1st period - Wrist shot by Jamie Benn.
3:56 of 1st period - Deflect By Martins Karsums.
3:56 of 1st period - Shot Misses the Net.
3:56 of 1st period - Puck is out of play.
3:57 of 1st period - Jean-Gabriel Pageau wins face-off versus Charlie Coyle in Harfangs zone.
4:26 of 1st period - Wrist shot by Jamie Benn.
4:26 of 1st period - Shot Misses the Net.
4:28 of 1st period - Slapshot by Mathieu Carle.
4:28 of 1st period - Deflect By Martins Karsums.
4:28 of 1st period - Goal by Martins Karsums - Harfangs : 1 - Influenza : 1.
4:29 of 1st period - Evgeny Grachev wins face-off versus Petri Kontiola in neutral zone.
4:34 of 1st period - Wrist shot by Robbie Earl.
4:34 of 1st period - Stopped by Jeremy Duchesne with a rebound.
4:36 of 1st period - Slapshot by Carl Gunnarsson.
4:36 of 1st period - Shot Blocked by Alex Killorn.
4:38 of 1st period - Wrist shot by Ben Smith.
4:38 of 1st period - Deflect By Robbie Earl.
4:38 of 1st period - Shot Blocked by Alex Killorn.
4:38 of 1st period - Puck is out of play.
4:39 of 1st period - Petri Kontiola wins face-off versus Evgeny Grachev in Harfangs zone.
4:58 of 1st period - Snap shot by Robbie Earl.
4:58 of 1st period - Shot Blocked by Dylan Olsen.
5:04 of 1st period - Wrist shot by Evgeny Grachev.
5:04 of 1st period - Shot Misses the Net.
5:06 of 1st period - Slapshot by Matt Corrente.
5:06 of 1st period - Stopped by Jeremy Duchesne with a rebound.
5:14 of 1st period - Wrist shot by Robbie Earl.
5:14 of 1st period - Shot Misses the Net.
5:16 of 1st period - Slapshot by Evgeny Grachev.
5:16 of 1st period - Stopped by Jeremy Duchesne with a rebound.
5:18 of 1st period - Slapshot by Evgeny Grachev.
5:18 of 1st period - Goal by Evgeny Grachev - Harfangs : 1 - Influenza : 2.
5:19 of 1st period - Mark Scheifele wins face-off versus Angelo Esposito in neutral zone.
7:53 of 1st period - Slapshot by John Klingberg.
7:53 of 1st period - Stopped by Jeremy Duchesne with a rebound.
7:55 of 1st period - Slapshot by John Klingberg.
7:55 of 1st period - Deflect By Ryan Russell.
7:55 of 1st period - Stopped by Jeremy Duchesne with a rebound.
7:57 of 1st period - Slapshot by John Klingberg.
7:57 of 1st period - Shot Blocked by Dylan Olsen.
8:15 of 1st period - Icing by T.J Galiardi.
8:16 of 1st period - Petri Kontiola wins face-off versus Mark Scheifele in Influenza zone.
8:19 of 1st period - Slapshot by Alex Killorn.
8:19 of 1st period - Stopped by Thomas McCollum without a rebound.
8:20 of 1st period - Robbie Earl wins face-off versus Petri Kontiola in Influenza zone.
8:53 of 1st period - Slapshot by Jamie Benn.
8:53 of 1st period - Stopped by Jeremy Duchesne without a rebound.
8:54 of 1st period - Angelo Esposito wins face-off versus Charlie Coyle in Harfangs zone.
9:24 of 1st period - Slapshot by Alex Killorn.
9:24 of 1st period - Shot Misses the Net.
9:50 of 1st period - Off-side.
9:51 of 1st period - Charlie Coyle wins face-off versus Petri Kontiola in neutral zone.
9:54 of 1st period - Wrist shot by Martins Karsums.
9:54 of 1st period - Shot Misses the Net.
9:56 of 1st period - Backhand shot by John Klingberg.
9:56 of 1st period - Shot Misses the Net.
9:58 of 1st period - Backhand shot by Jamie Benn.
9:58 of 1st period - Stopped by Jeremy Duchesne without a rebound.
9:59 of 1st period - Petri Kontiola wins face-off versus Charlie Coyle in Harfangs zone.
10:10 of 1st period - Snap shot by Alex Killorn.
10:10 of 1st period - Stopped by Thomas McCollum with a rebound.
10:48 of 1st period - Andrew Orpik is hit by Matt Corrente.
11:22 of 1st period - Wrist shot by Martins Karsums.
11:22 of 1st period - Shot Blocked by Alex Killorn.
11:29 of 1st period - Icing by Brian Lashoff.
11:30 of 1st period - Petri Kontiola wins face-off versus Andreas Engqvist in Harfangs zone.
12:07 of 1st period - Minor Penalty to Ben Smith for Roughing.
12:08 of 1st period - Robbie Earl wins face-off versus Petri Kontiola in Influenza zone.
12:22 of 1st period - Slapshot by John Klingberg.
12:22 of 1st period - Stopped by Jeremy Duchesne with a rebound.
12:44 of 1st period - Wrist shot by Peter Olvecky.
12:44 of 1st period - Stopped by Thomas McCollum without a rebound.
12:45 of 1st period - Jean-Gabriel Pageau wins face-off versus Iiro Pakarinen in Influenza zone.
12:46 of 1st period - Wrist shot by Peter Olvecky.
12:46 of 1st period - Shot Misses the Net.
12:48 of 1st period - Wrist shot by Brian Lashoff.
12:48 of 1st period - Deflect By Michal Repik.
12:48 of 1st period - Shot Misses the Net.
12:48 of 1st period - Puck is out of play.
12:49 of 1st period - Iiro Pakarinen wins face-off versus Jean-Gabriel Pageau in Influenza zone.
12:49 of 1st period - Iiro Pakarinen is hit by Peter Olvecky.
14:07 of 1st period - Penalty to Ben Smith is over, Ben Smith is back on ice.
14:30 of 1st period - Icing by Roman Wick.
14:31 of 1st period - Angelo Esposito wins face-off versus Mark Scheifele in Harfangs zone.
14:54 of 1st period - Snap shot by Dustin Jeffrey.
14:54 of 1st period - Shot Blocked by Carl Gunnarsson.
14:54 of 1st period - Carl Gunnarsson from Influenza is injured at 14:54 of 1st period (Sprained Left Ankle).
14:55 of 1st period - Evgeny Grachev wins face-off versus Petri Kontiola in Influenza zone.
15:06 of 1st period - Wrist shot by Evgeny Grachev.
15:06 of 1st period - Shot Misses the Net.
15:08 of 1st period - Snap shot by Evgeny Grachev.
15:08 of 1st period - Goal by Evgeny Grachev - Harfangs : 1 - Influenza : 3.
15:09 of 1st period - Evgeny Grachev wins face-off versus Petri Kontiola in neutral zone.
15:34 of 1st period - Mathieu Carle is hit by Cam Fowler and loses puck.
15:45 of 1st period - Slapshot by Jean-Gabriel Pageau.
15:45 of 1st period - Shot Blocked by Mathieu Carle.
15:47 of 1st period - Slapshot by Victor Bartley.
15:47 of 1st period - Stopped by Thomas McCollum without a rebound.
15:48 of 1st period - Evgeny Grachev wins face-off versus Petri Kontiola in Influenza zone.
15:53 of 1st period - Wrist shot by Robbie Earl.
15:53 of 1st period - Shot Blocked by Petri Kontiola.
15:55 of 1st period - Snap shot by Robbie Earl.
15:55 of 1st period - Shot Misses the Net.
15:57 of 1st period - Backhand shot by Matt Corrente.
15:57 of 1st period - Shot Blocked by Andrew Orpik.
16:37 of 1st period - Victor Bartley is hit by Oskars Bartulis and loses puck.
16:58 of 1st period - Mathieu Carle is hit by Cam Fowler and loses puck.
18:09 of 1st period - Snap shot by Andreas Engqvist.
18:09 of 1st period - Shot Misses the Net.
18:27 of 1st period - Snap shot by Peter Olvecky.
18:27 of 1st period - Goal by Peter Olvecky - Harfangs : 2 - Influenza : 3.
18:28 of 1st period - Jean-Gabriel Pageau wins face-off versus Evgeny Grachev in neutral zone.
18:53 of 1st period - Petri Kontiola is hit by Jamie Benn and loses puck.
19:21 of 1st period - Snap shot by Dustin Jeffrey.
19:21 of 1st period - Stopped by Thomas McCollum without a rebound.
19:22 of 1st period - Evgeny Grachev wins face-off versus Petri Kontiola in Influenza zone.
19:31 of 1st period - Wrist shot by Ben Smith.
19:31 of 1st period - Shot Misses the Net.
19:47 of 1st period - Peter Olvecky is hit by Jamie Benn and loses puck.
19:56 of 1st period - Wrist shot by Peter Olvecky.
19:56 of 1st period - Shot Misses the Net.
Goals for this period are 2 for Harfangs vs 3 for Influenza.
Shots for this period are 10 for Harfangs vs 11 for Influenza.

2nd period


0:01 of 2nd period - Petri Kontiola wins face-off versus Evgeny Grachev in neutral zone.
0:26 of 2nd period - Matt Corrente is hit by Jean-Gabriel Pageau and loses puck.
0:35 of 2nd period - Snap shot by Martins Karsums.
0:35 of 2nd period - Stopped by Jeremy Duchesne with a rebound.
0:49 of 2nd period - Slapshot by Roman Wick.
0:49 of 2nd period - Stopped by Thomas McCollum with a rebound.
1:12 of 2nd period - Wrist shot by Robbie Earl.
1:12 of 2nd period - Stopped by Jeremy Duchesne with a rebound.
1:36 of 2nd period - Icing by Petri Kontiola.
1:37 of 2nd period - Charlie Coyle wins face-off versus Cam Atkinson in Harfangs zone.
2:34 of 2nd period - Icing by Dustin Jeffrey.
2:35 of 2nd period - Angelo Esposito wins face-off versus Charlie Coyle in Harfangs zone.
2:46 of 2nd period - Victor Bartley is hit by Jamie Benn and loses puck.
3:01 of 2nd period - Ben Smith is hit by Cam Atkinson.
3:13 of 2nd period - Snap shot by Cam Atkinson.
3:13 of 2nd period - Shot Misses the Net.
3:57 of 2nd period - Snap shot by Tomas Tatar.
3:57 of 2nd period - Stopped by Thomas McCollum without a rebound.
3:58 of 2nd period - Evgeny Grachev wins face-off versus Jean-Gabriel Pageau in Influenza zone.
4:07 of 2nd period - Slapshot by Robbie Earl.
4:07 of 2nd period - Stopped by Jeremy Duchesne without a rebound.
4:08 of 2nd period - Evgeny Grachev wins face-off versus Jean-Gabriel Pageau in Harfangs zone.
4:43 of 2nd period - Slapshot by Evgeny Grachev.
4:43 of 2nd period - Goal by Evgeny Grachev - Harfangs : 2 - Influenza : 4.
4:43 of 2nd period - Darcy Kuemper enters game.
4:44 of 2nd period - Petri Kontiola wins face-off versus Charlie Coyle in neutral zone.
4:47 of 2nd period - Slapshot by Victor Bartley.
4:47 of 2nd period - Shot Blocked by Mathieu Carle.
4:49 of 2nd period - Wrist shot by Alex Killorn.
4:49 of 2nd period - Shot Blocked by John Klingberg.
4:51 of 2nd period - Snap shot by Petri Kontiola.
4:51 of 2nd period - Shot Misses the Net.
4:53 of 2nd period - Slapshot by Cam Fowler.
4:53 of 2nd period - Shot Blocked by Charlie Coyle.
5:48 of 2nd period - Wrist shot by Dustin Jeffrey.
5:48 of 2nd period - Shot Blocked by Jeff May.
5:50 of 2nd period - Snap shot by Victor Bartley.
5:50 of 2nd period - Shot Blocked by Oskars Bartulis.
5:52 of 2nd period - Snap shot by Angelo Esposito.
5:52 of 2nd period - Deflect By Oskars Bartulis.
5:52 of 2nd period - Shot Blocked by Oskars Bartulis.
5:52 of 2nd period - Puck is out of play.
5:53 of 2nd period - Charlie Coyle wins face-off versus Alex Killorn in Influenza zone.
6:06 of 2nd period - Wrist shot by Martins Karsums.
6:06 of 2nd period - Stopped by Darcy Kuemper with a rebound.
6:41 of 2nd period - Alex Killorn is hit by Mark Scheifele and loses puck.
7:06 of 2nd period - Snap shot by Corey Tropp.
7:06 of 2nd period - Shot Misses the Net.
7:10 of 2nd period - Snap shot by Corey Tropp.
7:10 of 2nd period - Deflect By Ryan Russell.
7:10 of 2nd period - Stopped by Darcy Kuemper with a rebound.
7:24 of 2nd period - Slapshot by Jean-Gabriel Pageau.
7:24 of 2nd period - Stopped by Thomas McCollum with a rebound.
7:26 of 2nd period - Snap shot by Michal Repik.
7:26 of 2nd period - Stopped by Thomas McCollum without a rebound.
7:27 of 2nd period - Charlie Coyle wins face-off versus Jean-Gabriel Pageau in Influenza zone.
7:29 of 2nd period - Minor Penalty to Martins Karsums for Hooking.
7:30 of 2nd period - Robbie Earl wins face-off versus Petri Kontiola in Influenza zone.
7:40 of 2nd period - Slapshot by Cam Atkinson.
7:40 of 2nd period - Shot Misses the Net.
8:04 of 2nd period - Snap shot by Peter Olvecky.
8:04 of 2nd period - Stopped by Thomas McCollum with a rebound.
8:06 of 2nd period - Snap shot by Michal Repik.
8:06 of 2nd period - Shot Misses the Net.
9:29 of 2nd period - Penalty to Martins Karsums is over, Martins Karsums is back on ice.
9:34 of 2nd period - Snap shot by Matt Corrente.
9:34 of 2nd period - Shot Misses the Net.
10:21 of 2nd period - Wrist shot by Jamie Benn.
10:21 of 2nd period - Shot Misses the Net.
10:23 of 2nd period - Slapshot by T.J Brodie.
10:23 of 2nd period - Stopped by Darcy Kuemper without a rebound.
10:24 of 2nd period - Mark Scheifele wins face-off versus Angelo Esposito in Harfangs zone.
10:40 of 2nd period - Slapshot by Roman Wick.
10:40 of 2nd period - Deflect By Jeremy Morin.
10:40 of 2nd period - Stopped by Thomas McCollum with a rebound.
11:01 of 2nd period - Icing by Ryan Russell.
11:02 of 2nd period - Peter Olvecky wins face-off versus Andreas Engqvist in Influenza zone.
11:03 of 2nd period - Wrist shot by Michal Repik.
11:03 of 2nd period - Deflect By Jean-Gabriel Pageau.
11:03 of 2nd period - Stopped by Thomas McCollum with a rebound.
11:18 of 2nd period - Snap shot by Corey Tropp.
11:18 of 2nd period - Stopped by Darcy Kuemper without a rebound.
11:19 of 2nd period - Petri Kontiola wins face-off versus Mark Scheifele in Harfangs zone.
11:26 of 2nd period - Slapshot by Cam Fowler.
11:26 of 2nd period - Deflect By John Klingberg.
11:26 of 2nd period - Stopped by Thomas McCollum with a rebound.
11:28 of 2nd period - Slapshot by Victor Bartley.
11:28 of 2nd period - Shot Blocked by John Klingberg.
11:30 of 2nd period - Wrist shot by Victor Bartley.
11:30 of 2nd period - Stopped by Thomas McCollum with a rebound.
11:32 of 2nd period - Slapshot by Petri Kontiola.
11:32 of 2nd period - Shot Blocked by T.J Galiardi.
11:34 of 2nd period - Slapshot by Cam Fowler.
11:34 of 2nd period - Shot Misses the Net.
11:40 of 2nd period - Minor Penalty to T.J Galiardi for Slashing.
11:41 of 2nd period - Robbie Earl wins face-off versus Petri Kontiola in Influenza zone.
11:54 of 2nd period - Slapshot by Alex Killorn.
11:54 of 2nd period - Shot Hit the Post.
12:10 of 2nd period - Robbie Earl is hit by Andrew Orpik and loses puck.
13:01 of 2nd period - Snap shot by Martins Karsums.
13:01 of 2nd period - Shot Misses the Net.
13:35 of 2nd period - Matt Corrente is hit by Brandon Pirri.
13:40 of 2nd period - Penalty to T.J Galiardi is over, T.J Galiardi is back on ice.
13:51 of 2nd period - Wrist shot by Dustin Jeffrey.
13:51 of 2nd period - Deflect By Angelo Esposito.
13:51 of 2nd period - Stopped by Thomas McCollum with a rebound.
14:14 of 2nd period - Dylan Olsen is hit by Jeff May and loses puck.
14:27 of 2nd period - Wrist shot by John Klingberg.
14:27 of 2nd period - Shot Blocked by Michal Repik.
14:29 of 2nd period - Slapshot by Andreas Engqvist.
14:29 of 2nd period - Shot Misses the Net.
14:31 of 2nd period - Slapshot by John Klingberg.
14:31 of 2nd period - Shot Blocked by Nathan Beaulieu.
14:33 of 2nd period - Snap shot by Andreas Engqvist.
14:33 of 2nd period - Stopped by Darcy Kuemper with a rebound.
15:08 of 2nd period - Icing by Brian Salcido.
15:09 of 2nd period - Mike Hoffman wins face-off versus Andreas Engqvist in Influenza zone.
15:30 of 2nd period - Snap shot by Mark Scheifele.
15:30 of 2nd period - Stopped by Darcy Kuemper without a rebound.
15:31 of 2nd period - Mark Scheifele wins face-off versus Dustin Jeffrey in Harfangs zone.
16:05 of 2nd period - Snap shot by John Klingberg.
16:05 of 2nd period - Shot Misses the Net.
16:09 of 2nd period - Snap shot by Jamie Benn.
16:09 of 2nd period - Stopped by Darcy Kuemper with a rebound.
16:30 of 2nd period - Snap shot by Peter Olvecky.
16:30 of 2nd period - Shot Blocked by Ben Smith.
16:32 of 2nd period - Slapshot by Brian Lashoff.
16:32 of 2nd period - Stopped by Thomas McCollum with a rebound.
16:44 of 2nd period - Angelo Esposito is hit by Ryan Russell and loses puck.
16:51 of 2nd period - Corey Tropp is hit by Cam Fowler and loses puck.
17:20 of 2nd period - Off-side.
17:21 of 2nd period - Cam Atkinson wins face-off versus Charlie Coyle in neutral zone.
17:51 of 2nd period - Snap shot by Peter Olvecky.
17:51 of 2nd period - Stopped by Thomas McCollum without a rebound.
17:52 of 2nd period - Martins Karsums wins face-off versus Roman Wick in Influenza zone.
18:19 of 2nd period - Evgeny Grachev is hit by Petri Kontiola and loses puck.
18:21 of 2nd period - Minor Penalty to Petri Kontiola for Roughing.
18:22 of 2nd period - Alex Killorn wins face-off versus Evgeny Grachev in Harfangs zone.
18:33 of 2nd period - Victor Bartley is hit by Robbie Earl and loses puck.
18:58 of 2nd period - Cam Fowler is hit by Jamie Benn and loses puck.
Goals for this period are 0 for Harfangs vs 1 for Influenza.
Shots for this period are 12 for Harfangs vs 11 for Influenza.

3rd period


0:01 of 3rd period - Evgeny Grachev wins face-off versus Alex Killorn in neutral zone.
0:04 of 3rd period - Snap shot by John Klingberg.
0:04 of 3rd period - Shot Misses the Net.
0:08 of 3rd period - Wrist shot by Robbie Earl.
0:08 of 3rd period - Stopped by Darcy Kuemper without a rebound.
0:09 of 3rd period - Evgeny Grachev wins face-off versus Peter Olvecky in Harfangs zone.
0:12 of 3rd period - Slapshot by Evgeny Grachev.
0:12 of 3rd period - Shot Misses the Net.
0:14 of 3rd period - Slapshot by Ben Smith.
0:14 of 3rd period - Stopped by Darcy Kuemper without a rebound.
0:15 of 3rd period - Alex Killorn wins face-off versus Evgeny Grachev in Harfangs zone.
0:21 of 3rd period - Penalty to Petri Kontiola is over, Petri Kontiola is back on ice.
0:28 of 3rd period - Victor Bartley is hit by Evgeny Grachev and loses puck.
1:21 of 3rd period - Slapshot by Alex Killorn.
1:21 of 3rd period - Stopped by Thomas McCollum with a rebound.
1:23 of 3rd period - Snap shot by Cam Atkinson.
1:23 of 3rd period - Stopped by Thomas McCollum with a rebound.
1:25 of 3rd period - Wrist shot by Brian Lashoff.
1:25 of 3rd period - Stopped by Thomas McCollum with a rebound.
1:27 of 3rd period - Slapshot by Brian Lashoff.
1:27 of 3rd period - Stopped by Thomas McCollum with a rebound.
2:03 of 3rd period - Jean-Gabriel Pageau is hit by Charlie Coyle and loses puck.
2:22 of 3rd period - Snap shot by T.J Galiardi.
2:22 of 3rd period - Stopped by Darcy Kuemper without a rebound.
2:23 of 3rd period - Angelo Esposito wins face-off versus Mark Scheifele in Harfangs zone.
2:44 of 3rd period - Double Minor Penalty to Alex Plante for Roughing.
2:45 of 3rd period - Alex Killorn wins face-off versus Evgeny Grachev in Harfangs zone.
2:45 of 3rd period - Alex Killorn is hit by Ben Smith.
3:05 of 3rd period - Minor Penalty to Evgeny Grachev for Interference.
3:06 of 3rd period - Alex Killorn wins face-off versus Robbie Earl in Influenza zone.
3:07 of 3rd period - Backhand shot by Peter Olvecky.
3:07 of 3rd period - Stopped by Thomas McCollum with a rebound.
3:27 of 3rd period - Minor Penalty to Alex Killorn for Interference.
3:28 of 3rd period - Robbie Earl wins face-off versus Emerson Etem in Harfangs zone.
4:09 of 3rd period - Snap shot by Martins Karsums.
4:09 of 3rd period - Stopped by Darcy Kuemper without a rebound.
4:10 of 3rd period - Jean-Gabriel Pageau wins face-off versus Ben Smith in Harfangs zone.
4:35 of 3rd period - T.J Brodie is hit by Victor Bartley and loses puck.
4:56 of 3rd period - Jamie Benn is hit by Brian Lashoff and loses puck.
5:05 of 3rd period - Penalty to Evgeny Grachev is over, Evgeny Grachev is back on ice.
5:25 of 3rd period - Snap shot by Martins Karsums.
5:25 of 3rd period - Stopped by Darcy Kuemper without a rebound.
5:26 of 3rd period - Jean-Gabriel Pageau wins face-off versus Charlie Coyle in Harfangs zone.
5:27 of 3rd period - Penalty to Alex Killorn is over, Alex Killorn is back on ice.
5:46 of 3rd period - Wrist shot by Ben Smith.
5:46 of 3rd period - Stopped by Darcy Kuemper without a rebound.
5:47 of 3rd period - Alex Killorn wins face-off versus Evgeny Grachev in Harfangs zone.
6:09 of 3rd period - Off-side.
6:10 of 3rd period - Alex Killorn wins face-off versus Charlie Coyle in neutral zone.
6:44 of 3rd period - Penalty to Alex Plante is over, Alex Plante is back on ice.
6:56 of 3rd period - Slapshot by Mark Scheifele.
6:56 of 3rd period - Stopped by Darcy Kuemper without a rebound.
6:57 of 3rd period - Mark Scheifele wins face-off versus Angelo Esposito in Harfangs zone.
7:13 of 3rd period - Slapshot by Cam Fowler.
7:13 of 3rd period - Deflect By Dustin Jeffrey.
7:13 of 3rd period - Shot Misses the Net.
7:13 of 3rd period - Puck is out of play.
7:14 of 3rd period - Cam Atkinson wins face-off versus Evgeny Grachev in Influenza zone.
7:48 of 3rd period - Snap shot by Cam Atkinson.
7:48 of 3rd period - Deflect By Alex Killorn.
7:48 of 3rd period - Shot Misses the Net.
7:48 of 3rd period - Puck is out of play.
7:49 of 3rd period - Charlie Coyle wins face-off versus Jean-Gabriel Pageau in Influenza zone.
9:46 of 3rd period - Peter Olvecky is hit by Jeff May and loses puck.
10:09 of 3rd period - Jeremy Morin is hit by Dustin Jeffrey and loses puck.
10:33 of 3rd period - Slapshot by Corey Tropp.
10:33 of 3rd period - Deflect By Ryan Russell.
10:33 of 3rd period - Shot Misses the Net.
10:33 of 3rd period - Puck is out of play.
10:34 of 3rd period - Michal Repik wins face-off versus Evgeny Grachev in Harfangs zone.
10:34 of 3rd period - Michal Repik is hit by Ben Smith.
11:08 of 3rd period - Slapshot by Jamie Benn.
11:08 of 3rd period - Shot Misses the Net.
11:12 of 3rd period - Wrist shot by Martins Karsums.
11:12 of 3rd period - Shot Blocked by Cam Atkinson.
11:23 of 3rd period - Minor Penalty to Alex Plante for Hooking.
11:24 of 3rd period - Alex Killorn wins face-off versus Evgeny Grachev in Harfangs zone.
13:23 of 3rd period - Penalty to Alex Plante is over, Alex Plante is back on ice.
13:24 of 3rd period - Cam Fowler is hit by Mathieu Carle and loses puck.
13:35 of 3rd period - Snap shot by Colin McDonald.
13:35 of 3rd period - Shot Blocked by Victor Bartley.
13:37 of 3rd period - Slapshot by Jeff May.
13:37 of 3rd period - Shot Misses the Net.
13:53 of 3rd period - Angelo Esposito is hit by Mark Scheifele and loses puck.
14:08 of 3rd period - Snap shot by Peter Olvecky.
14:08 of 3rd period - Shot Blocked by Andreas Engqvist.
14:10 of 3rd period - Slapshot by Michal Repik.
14:10 of 3rd period - Deflect By Peter Olvecky.
14:10 of 3rd period - Stopped by Thomas McCollum without a rebound.
14:11 of 3rd period - Andreas Engqvist wins face-off versus Jean-Gabriel Pageau in Influenza zone.
14:21 of 3rd period - Minor Penalty to Corey Tropp for Slashing.
14:22 of 3rd period - Petri Kontiola wins face-off versus Robbie Earl in Influenza zone.
14:23 of 3rd period - Backhand shot by Alex Killorn.
14:23 of 3rd period - Stopped by Thomas McCollum without a rebound.
14:24 of 3rd period - Petri Kontiola wins face-off versus Robbie Earl in Influenza zone.
14:49 of 3rd period - John Klingberg is hit by Jean-Gabriel Pageau and loses puck.
14:56 of 3rd period - Snap shot by Michal Repik.
14:56 of 3rd period - Deflect By Peter Olvecky.
14:56 of 3rd period - Stopped by Thomas McCollum with a rebound.
14:58 of 3rd period - Slapshot by Peter Olvecky.
14:58 of 3rd period - Goal by Peter Olvecky - Harfangs : 3 - Influenza : 4.
14:59 of 3rd period - Petri Kontiola wins face-off versus Evgeny Grachev in neutral zone.
15:02 of 3rd period - Cam Fowler is hit by Ben Smith and loses puck.
15:36 of 3rd period - Minor Penalty to Mathieu Carle for Hooking.
15:37 of 3rd period - Cam Atkinson wins face-off versus Robbie Earl in Influenza zone.
15:43 of 3rd period - Snap shot by Alex Killorn.
15:43 of 3rd period - Shot Misses the Net.
16:13 of 3rd period - Backhand shot by Peter Olvecky.
16:13 of 3rd period - Goal by Peter Olvecky - Harfangs : 4 - Influenza : 4.
16:14 of 3rd period - Petri Kontiola wins face-off versus Mark Scheifele in neutral zone.
16:41 of 3rd period - Dustin Jeffrey is hit by Mathieu Carle and loses puck.
16:48 of 3rd period - Slapshot by Ben Smith.
16:48 of 3rd period - Stopped by Darcy Kuemper without a rebound.
16:49 of 3rd period - Petri Kontiola wins face-off versus Ben Smith in Harfangs zone.
17:42 of 3rd period - Slapshot by Martins Karsums.
17:42 of 3rd period - Stopped by Darcy Kuemper with a rebound.
17:50 of 3rd period - Slapshot by Mathieu Carle.
17:50 of 3rd period - Stopped by Darcy Kuemper without a rebound.
17:51 of 3rd period - Mark Scheifele wins face-off versus Alex Killorn in Harfangs zone.
17:52 of 3rd period - Slapshot by John Klingberg.
17:52 of 3rd period - Shot Blocked by Victor Bartley.
17:54 of 3rd period - Snap shot by Mark Scheifele.
17:54 of 3rd period - Shot Misses the Net.
17:56 of 3rd period - Wrist shot by Jeremy Morin.
17:56 of 3rd period - Deflect By T.J Galiardi.
17:56 of 3rd period - Stopped by Darcy Kuemper with a rebound.
18:00 of 3rd period - Slapshot by John Klingberg.
18:00 of 3rd period - Shot Blocked by Cam Fowler.
18:02 of 3rd period - Slapshot by Mathieu Carle.
18:02 of 3rd period - Deflect By T.J Galiardi.
18:02 of 3rd period - Shot Misses the Net.
18:02 of 3rd period - Puck is out of play.
18:03 of 3rd period - Alex Killorn wins face-off versus Mark Scheifele in Harfangs zone.
18:05 of 3rd period - Icing by Cam Fowler.
18:06 of 3rd period - Alex Killorn wins face-off versus T.J Galiardi in Harfangs zone.
18:12 of 3rd period - Off-side.
18:13 of 3rd period - Alex Killorn wins face-off versus Mark Scheifele in neutral zone.
18:15 of 3rd period - Off-side.
18:16 of 3rd period - Tomas Tatar wins face-off versus Mark Scheifele in neutral zone.
18:23 of 3rd period - T.J Galiardi is hit by Alex Killorn and loses puck.
18:32 of 3rd period - Wrist shot by Tomas Tatar.
18:32 of 3rd period - Shot Misses the Net.
18:38 of 3rd period - Minor Penalty to T.J Galiardi for High sticking.
18:39 of 3rd period - Petri Kontiola wins face-off versus Robbie Earl in Influenza zone.
19:22 of 3rd period - Snap shot by Mathieu Carle.
19:22 of 3rd period - Deflect By Petri Kontiola.
19:22 of 3rd period - Stopped by Darcy Kuemper without a rebound.
19:23 of 3rd period - Robbie Earl wins face-off versus Petri Kontiola in Harfangs zone.
19:50 of 3rd period - Snap shot by Martins Karsums.
19:50 of 3rd period - Shot Misses the Net.
Goals for this period are 2 for Harfangs vs 0 for Influenza.
Shots for this period are 10 for Harfangs vs 12 for Influenza.

Overtime #1


0:01 of 1st overtime period - Robbie Earl wins face-off versus Alex Killorn in neutral zone.
0:06 of 1st overtime period - Snap shot by Robbie Earl.
0:06 of 1st overtime period - Stopped by Darcy Kuemper with a rebound.
0:08 of 1st overtime period - Backhand shot by John Klingberg.
0:08 of 1st overtime period - Stopped by Darcy Kuemper with a rebound.
0:10 of 1st overtime period - Slapshot by Mathieu Carle.
0:10 of 1st overtime period - Shot Misses the Net.
0:12 of 1st overtime period - Slapshot by Mathieu Carle.
0:12 of 1st overtime period - Goal by Mathieu Carle - Harfangs : 4 - Influenza : 5.
Goals for this period are 0 for Harfangs vs 1 for Influenza.
Shots for this period are 0 for Harfangs vs 3 for Influenza.